 Dungeon Crawl Stone Soup version 0.31.0-12-g77e489cdc1 (webtiles) character file.

Game seed: 3950930179959752250

221 DildoBatman the Conjurer (level 6, -3/46 HPs)
             Began as a Formicid Conjurer on Feb 11, 2024.
             Slain by an ice beast (9 damage)
             ... on level 3 of the Dungeon.
             The game lasted 00:06:16 (2242 turns).

DildoBatman the Conjurer (Formicid Conjurer)        Turns: 2242, Time: 00:06:17

Health: -3/46      AC:  2    Str: 11    XL:     6   Next: 19%
Magic:  6/19       EV: 12    Int: 26    God:
Gold:   98         SH:  0    Dex: 12    Spells: 8/11 levels left

rFire   . . .        g - +0 spear
rCold   . . .        (no shield)
rNeg    . . .        a - +0 robe
rPois   .            (helmet unavailable)
rElec   .            (no cloak)
rCorr   .            (no gloves)
SInv    +            (no boots)
Will    .....        (no amulet)
Stlth   ++           e - ring of magical power
HPRegen 0.27/turn    k - +6 ring of intelligence
MPRegen 0.16/turn

%: no passive effects
@: no status effects
A: permanent stasis, dig shafts and tunnels, antennae 3, four strong arms
a: Dig, Shaft Self


You were on level 3 of the Dungeon.
You visited 1 branch of the dungeon, and saw 3 of its levels.

You collected 98 gold pieces.

Inventory:

Hand Weapons
 c - a +0 short sword
 g - a +0 spear (weapon)
Missiles
 s - 9 poisoned darts
Armour
 a - a +0 robe (worn)
Jewellery
 e - a ring of magical power (left hand)
 k - a +6 ring of intelligence (right hand)
 o - a ring of positive energy
 q - a ring of protection from fire
Talismans
 u - a beast talisman
Scrolls
 d - 4 scrolls of identify {unknown}
 h - a scroll of enchant armour {unknown}
 j - a scroll of poison {unknown}
 l - a scroll of silence {unknown}
 r - a scroll of vulnerability {unknown}
 t - 2 scrolls of teleportation {unknown}
Potions
 b - a potion of magic
 f - a potion of mutation {unknown}
 i - 3 potions of haste {unknown}
 m - a potion of curing {unknown}
 n - a potion of attraction {unknown}
 p - a potion of brilliance {unknown}


   Skills:
 + Level 2.4 Fighting
 + Level 2.2 Armour
 + Level 2.6 Dodging
 + Level 3.7 Stealth
 + Level 3.1 Spellcasting
 + Level 4.1 Conjurations


You had 8 spell levels left.
You knew the following spells:

 Your Spells              Type           Power      Damage    Failure   Level
a - Searing Ray           Conj           50%        2d6       2%          2
c - Magic Dart            Conj           100%       1d8       1%          1

Your spell library contained the following spells:

 Spells                   Type           Power      Damage    Failure   Level
 Fulminant Prism          Conj/Alch      7%         3d6       36%         4
 Iskenderun's Mystic Bla  Conj/Tloc      14%        2d5       36%         4


Dungeon Overview and Level Annotations

Branches:
Dungeon (3/15)

Altars:
Wu Jian

Annotations:
D:3 2 transporters, 3 exclusions, HourglassMan's ghost, weakling NaFi


Innate Abilities, Weirdness & Mutations

You cannot be hasted, slowed, berserked, paralysed or teleported.
You can dig through walls and to a lower floor.
You have a pair of large antennae on your head. (SInv)
Your four strong arms can wield two-handed weapons with a shield.


Message History

The searing ray hits the ice beast.
The ice beast is heavily wounded.
The searing ray hits the ice beast.
The ice beast is heavily wounded.
You finish channelling your searing ray.
The ice beast barely misses you.
Casting: Searing Ray (safe; 2% risk of failure)
Confirm with . or Enter, or press ? or * to list all spells.
Aiming: Searing Ray (safe; 2% risk of failure)
Press: ? - help, Shift-Dir - straight line, f/p - ice beast
Aim: an ice beast (heavily wounded, 79% to hit)
The searing ray hits the ice beast but does no damage.
The ice beast is heavily wounded. (Press . to maintain the ray.)
The ice beast hits you. The ice beast freezes you!
The searing ray misses the ice beast.
The ice beast hits you. The ice beast freezes you!
The searing ray hits the ice beast.
The ice beast is severely wounded.
The ice beast hits you. The ice beast freezes you!
The searing ray hits the ice beast but does no damage.
The ice beast is severely wounded.
You finish channelling your searing ray.
The ice beast closely misses you.
Casting: Searing Ray (safe; 2% risk of failure)
Confirm with . or Enter, or press ? or * to list all spells.
Aiming: Searing Ray (safe; 2% risk of failure)
Press: ? - help, Shift-Dir - straight line, f/p - ice beast
Aim: an ice beast (severely wounded, 79% to hit)
The searing ray hits the ice beast.
The ice beast is almost dead. (Press . to maintain the ray.)
The ice beast barely misses you.
The searing ray misses the ice beast.
The ice beast hits you. The ice beast freezes you!
You die...

..#...#### #.............#
..#......###.............#
..#...##.................#
..#.......###.#...<......#
..#©..##### #.#.........##
..#...#######..........##
..#........###.........#
..#......#.###...Y.....#
..#......#..##..@......#
..#......##............#
###....................###
.........#######.........#
.........# #.........#
####..##########.........#
# ##........<##.........#
#####.....)...############
....>.........#


You could see an ice beast.

Vanquished Creatures
  A gnoll bouda (D:3)
  4 gnolls (D:3)
  7 adders
  3 dart slugs (D:1)
  A ribbon worm (D:3)
  8 endoplasms
  2 giant cockroaches
  4 hobgoblins
  11 jackals
  11 ball pythons
  5 bats
  4 frilled lizards
  8 goblins
  8 kobolds
  10 rats
87 creatures vanquished.

Notes
Turn   | Place    | Note
-------+----------+-------------------------------------------
     0 | D:1      | DildoBatman the Formicid Conjurer began the quest for the
                  | Orb.
     0 | D:1      | Reached XP level 1. HP: 13/13 MP: 3/3
   186 | D:1      | Reached XP level 2. HP: 20/20 MP: 3/5
   189 | D:1      | Learned a level 2 spell: Searing Ray
   298 | D:1      | Reached XP level 3. HP: 23/25 MP: 4/6
   321 | D:1      | Reached skill level 1 in Fighting
   386 | D:1      | Reached skill level 1 in Armour
   972 | D:2      | Reached XP level 4. HP: 31/32 MP: 3/7
  1184 | D:2      | Found an ornate altar of the Wu Jian Council.
  1473 | D:2      | Reached skill level 4 in Conjurations
  1473 | D:2      | Reached XP level 5. HP: 38/38 MP: 9/9
  1711 | D:3      | Noticed an ice beast
  1813 | D:3      | Found a transporter.
  1813 | D:3      | Noticed HourglassMan's ghost (weakling NaFi)
  1981 | D:3      | Reached XP level 6. HP: 44/44 MP: 10/10
  2064 | D:3      | Found a transporter.
  2242 | D:3      | Slain by an ice beast

Illustrated notes

Levels and vault maps discovered:
D:1:      lightli_arrival_flooded_house, layout_basic, kennysheep_doodads,
          grunt_decor_one_mirror, corner_web_ring
D:2:      layout_loops_cross, basic_altar, dk_noncrumbling_3,
          minmay_misc_feat_nine_boxes
D:3:      layout_rooms, gammafunk_ghost_mausoleum, minmay_divided_ellipse

Skill      XL: |  1  2  3  4  5 |
---------------+----------------+-----
Dodging        | 2 |  2.6
Fighting       | 1 2 |  2.4
Armour         | 1 2 |  2.2
Stealth        | 3 |  3.7
Conjurations   | 4 |  4.1
Spellcasting   | 3 |  3.1

Action                     |  1- 3 |  4- 6 || total
---------------------------+-------+-------++-------
  Melee: Short sword       |    37 |       ||    37
         Spear             |    25 |     4 ||    29
   Cast: Magic Dart        |    32 |    66 ||    98
         Searing Ray       |     7 |    11 ||    18
   Stab: Sleeping          |     4 |       ||     4
 Armour: Robe              |    32 |    13 ||    45
  Dodge: Dodged            |    42 |    14 ||    56
